General information
- name: BNet
- type: Ladder team game (AT/RT)
- host: Battle.net
- saver: DOGSANDHORSE.RU
map: Dragonblight
- players: 6
- length: 56:18
- speed: Fast
- version: 1.24 W3XP
- replay type:

» download(420 KB)
Players
team 1 (loser)
IDarkArcheRI (
pink | 100 APM | 5644 actions | 56:16)
5 Blademaster
2 Wind Walk
3 Critical Strike
5 Tauren Chieftain
3 Shockwave
2 Endurance Aura
» actions
| Assign group hotkey | 1375 | |
| Basic commands | 50 | |
| Build / train | 143 | |
| ESC pressed | 15 | |
| Enter build submenu | 46 | |
| Enter hero's abilities submenu | 10 | |
| Right click | 2332 | |
| Select / deselect | 753 | |
| Select group hotkey | 576 | |
| Use ability | 344 | |
5644 total
» units
| Peon | 39 | |
| Grunt | 6 | |
| Troll Batrider | 15 | |
| Frost Revenant | 1 | |
| Wind Rider | 1 | |
| Tauren | 7 | |
| Raider | 10 | |
| Shaman | 3 | |
| Demolisher | 8 | |
| Troll Witch Doctor | 3 | |
93 total
» upgrades
| Liquid Fire | 1 | |
| Armor | 3 | |
| Envenomed Spears | 1 | |
| Ensnare | 1 | |
| Shaman Training | 2 | |
| Melee Weapons | 3 | |
| Spiked Barricades | 2 | |
| Pulverize | 1 | |
| Burning Oil | 1 | |
| Reinforced Defenses | 1 | |
| Witch Doctor Training | 2 | |
18 total
» buildings
| Altar of Storms | 1 | |
| Orc Burrow | 8 | |
| Barracks | 1 | |
| Stronghold | 2 | |
| Voodoo Lounge | 2 | |
| War Mill | 1 | |
| Beastiary | 2 | |
| Fortress | 1 | |
| Great Hall | 2 | |
| Tauren Totem | 1 | |
| Spirit Lodge | 1 | |
| Watch Tower | 52 | |
74 total
» build order
00:02 Altar of Storms
00:20 Orc Burrow
00:37 Barracks
01:29 Orc Burrow
03:02 Stronghold
03:03 Stronghold
03:30 Voodoo Lounge
04:21 Orc Burrow
04:26 War Mill
04:55 Orc Burrow
05:53 Beastiary
06:00 Beastiary
06:17 Orc Burrow
07:28 Orc Burrow
08:40 Fortress
11:04 Great Hall
12:50 Tauren Totem
13:42 Orc Burrow
14:57 Orc Burrow
16:26 Spirit Lodge
20:49 Watch Tower
20:50 Watch Tower
20:50 Watch Tower
20:51 Watch Tower
21:48 Great Hall
22:50 Watch Tower
22:51 Watch Tower
23:17 Watch Tower
23:18 Watch Tower
23:18 Watch Tower
25:22 Watch Tower
25:22 Watch Tower
26:37 Watch Tower
26:37 Watch Tower
26:37 Watch Tower
27:39 Watch Tower
27:40 Watch Tower
28:06 Watch Tower
28:06 Watch Tower
28:07 Watch Tower
28:08 Watch Tower
28:08 Watch Tower
28:09 Watch Tower
30:14 Watch Tower
30:15 Watch Tower
30:19 Watch Tower
30:20 Watch Tower
31:21 Watch Tower
31:22 Watch Tower
31:23 Watch Tower
31:24 Watch Tower
34:45 Watch Tower
34:46 Watch Tower
35:05 Voodoo Lounge
36:00 Watch Tower
36:02 Watch Tower
36:04 Watch Tower
40:04 Watch Tower
40:05 Watch Tower
42:36 Watch Tower
42:37 Watch Tower
42:38 Watch Tower
42:39 Watch Tower
43:12 Watch Tower
43:14 Watch Tower
43:14 Watch Tower
43:37 Watch Tower
43:38 Watch Tower
45:56 Watch Tower
45:58 Watch Tower
47:40 Watch Tower
47:41 Watch Tower
48:19 Watch Tower
50:44 Watch Tower
» items
| Potion of Healing | 4 | |
| Scroll of Speed | 1 | |
| Healing Salve | 5 | |
| Scroll of Town Portal | 2 | |
| Lesser Clarity Potion | 2 | |
| Orb of Lightning | 1 | |
15 total
Leninglhf (
yellow | 91 APM | 5081 actions | 55:53)
3 Archmage
2 Summon Water Elemental
1 Brilliance Aura
1 Mountain King
1 Storm Bolt
» actions
| Assign group hotkey | 62 | |
| Basic commands | 124 | |
| Build / train | 126 | |
| ESC pressed | 18 | |
| Enter build submenu | 46 | |
| Enter hero's abilities submenu | 5 | |
| Give item / drop item | 3 | |
| Remove unit from queue | 1 | |
| Right click | 2331 | |
| Select / deselect | 1063 | |
| Select group hotkey | 1023 | |
| Use ability | 278 | |
5081 total
» units
| Peasant | 18 | |
| Footman | 7 | |
| Goblin Zeppelin | 2 | |
| Priest | 6 | |
| Knight | 7 | |
| Dragonhawk Rider | 17 | |
| Gryphon Rider | 2 | |
| Chimaera | 6 | |
65 total
» upgrades
| Defend | 1 | |
| Masonry | 3 | |
| Lumber Harvesting | 2 | |
| Priest Training | 2 | |
| Swords | 3 | |
| Plating | 3 | |
| Animal War Training | 1 | |
| Cloud | 1 | |
| Magic Sentry | 1 | |
| Reinforced Hides | 1 | |
18 total
» buildings
| Altar of Kings | 1 | |
| Farm | 12 | |
| Lumber Mill | 1 | |
| Barracks | 1 | |
| Keep | 1 | |
| Scout Tower | 22 | |
| Guard Tower | 18 | |
| Arcane Sanctum | 2 | |
| Arcane Vault | 2 | |
| Castle | 2 | |
| Blacksmith | 1 | |
| Town Hall | 2 | |
| Gryphon Aviary | 2 | |
67 total
» build order
00:07 Altar of Kings
00:20 Farm
00:34 Lumber Mill
00:49 Farm
01:22 Barracks
02:03 Farm
04:25 Keep
04:38 Farm
04:40 Scout Tower
04:41 Scout Tower
05:10 Guard Tower
05:10 Guard Tower
05:15 Farm
05:52 Guard Tower
05:52 Guard Tower
05:55 Scout Tower
05:57 Scout Tower
05:58 Scout Tower
06:35 Guard Tower
06:35 Guard Tower
07:03 Guard Tower
07:07 Arcane Sanctum
07:13 Arcane Sanctum
08:06 Arcane Vault
09:04 Castle
09:05 Castle
09:13 Blacksmith
12:59 Farm
13:00 Farm
13:00 Farm
13:01 Farm
13:48 Scout Tower
13:49 Scout Tower
13:50 Scout Tower
14:10 Scout Tower
16:06 Guard Tower
16:23 Town Hall
18:44 Gryphon Aviary
18:45 Gryphon Aviary
21:52 Scout Tower
21:54 Scout Tower
21:54 Scout Tower
21:56 Scout Tower
22:22 Guard Tower
22:33 Farm
22:33 Farm
23:10 Farm
23:56 Scout Tower
23:57 Scout Tower
23:59 Scout Tower
24:55 Guard Tower
25:04 Town Hall
31:28 Scout Tower
31:28 Scout Tower
31:29 Scout Tower
32:06 Guard Tower
35:14 Guard Tower
35:14 Guard Tower
35:16 Scout Tower
35:28 Guard Tower
35:28 Guard Tower
41:38 Arcane Vault
41:41 Scout Tower
41:43 Scout Tower
43:41 Guard Tower
» items
| Scroll of Town Portal | 2 | |
| Scroll of Healing | 1 | |
| Boots of Speed | 2 | |
| Scroll of Regeneration | 2 | |
| Lesser Clarity Potion | 1 | |
| Potion of Lesser Invulnerability | 1 | |
| Circlet of Nobility | 1 | |
| Potion of Healing | 1 | |
| Orb of Lightning | 1 | |
12 total
S-E-D-O-I (
red | 31 APM | 1528 actions | 48:41)
4 Priestess of the Moon
2 Trueshot Aura
2 Searing Arrows
» actions
| Assign group hotkey | 35 | |
| Basic commands | 214 | |
| Build / train | 93 | |
| Enter build submenu | 24 | |
| Enter hero's abilities submenu | 4 | |
| Give item / drop item | 1 | |
| Remove unit from queue | 10 | |
| Right click | 610 | |
| Select / deselect | 394 | |
| Select group hotkey | 85 | |
| Use ability | 58 | |
1528 total
» units
| Wisp | 18 | |
| Huntress | 5 | |
| Dryad | 11 | |
| Glaive Thrower | 2 | |
| Hippogryph | 12 | |
| Blue Dragon Whelp | 1 | |
| Chimaera | 10 | |
| Blue Dragon | 1 | |
60 total
» upgrades
| Ultravision | 1 | |
| Abolish Magic | 1 | |
| Strength of the Wild | 3 | |
| Druid of the Claw Training | 2 | |
| Strength of the Moon | 0 | |
| Reinforced Hides | 2 | |
| Moon Armor | 1 | |
| Vorpal Blades | 1 | |
| Corrosive Breath | 1 | |
12 total
» buildings
| Altar of Elders | 1 | |
| Moon Well | 7 | |
| Hunter's Hall | 1 | |
| Ancient of War | 3 | |
| Tree of Ages | 1 | |
| Ancient of Lore | 2 | |
| Tree of Eternity | 1 | |
| Ancient of Wonders | 1 | |
| Ancient of Wind | 1 | |
| Chimaera Roost | 2 | |
| Ancient Protector | 3 | |
23 total
» build order
00:07 Altar of Elders
00:15 Moon Well
01:44 Hunter's Hall
01:48 Ancient of War
01:52 Ancient of War
02:02 Ancient of War
02:27 Moon Well
03:44 Moon Well
05:41 Tree of Ages
06:58 Moon Well
08:04 Ancient of Lore
08:13 Ancient of Lore
09:26 Tree of Eternity
10:04 Moon Well
12:12 Ancient of Wonders
12:37 Ancient of Wind
13:58 Moon Well
16:31 Moon Well
30:24 Chimaera Roost
31:20 Chimaera Roost
35:16 Ancient Protector
36:24 Ancient Protector
36:30 Ancient Protector
» items
| Scroll of Town Portal | 1 | |
| Dust of Appearance | 3 | |
4 total
team 2 (winner)
DOGSANDHORSE.RU (
teal | 104 APM | 5884 actions | 56:18)
6 Archmage
3 Blizzard
2 Brilliance Aura
1 Mass Teleport
6 Blood Mage
3 Flame Strike
2 Banish
1 Summon Phoenix
» actions
| Assign group hotkey | 17 | |
| Basic commands | 16 | |
| Build / train | 132 | |
| Enter build submenu | 77 | |
| Enter hero's abilities submenu | 13 | |
| Give item / drop item | 4 | |
| Right click | 3397 | |
| Select / deselect | 575 | |
| Select group hotkey | 1238 | |
| Use ability | 415 | |
5884 total
» units
| Peasant | 17 | |
| Sorceress | 1 | |
| Flying Machine | 3 | |
| Blue Dragon | 7 | |
| Priest | 1 | |
29 total
» upgrades
| Masonry | 3 | |
| Lumber Harvesting | 2 | |
| Magic Sentry | 1 | |
| Sorceress Training | 1 | |
7 total
» buildings
| Altar of Kings | 1 | |
| Farm | 14 | |
| Lumber Mill | 1 | |
| Scout Tower | 69 | |
| Arcane Tower | 6 | |
| Guard Tower | 44 | |
| Keep | 4 | |
| Arcane Sanctum | 1 | |
| Castle | 1 | |
| Town Hall | 1 | |
| Blacksmith | 1 | |
| Workshop | 1 | |
| Arcane Vault | 1 | |
| Cannon Tower | 2 | |
147 total
» build order
00:18 Altar of Kings
00:22 Farm
00:37 Lumber Mill
00:47 Farm
01:05 Scout Tower
01:38 Arcane Tower
01:38 Arcane Tower
01:53 Scout Tower
02:02 Scout Tower
02:03 Scout Tower
02:24 Guard Tower
02:26 Scout Tower
02:42 Scout Tower
02:51 Guard Tower
02:53 Scout Tower
03:02 Guard Tower
03:11 Guard Tower
03:23 Guard Tower
04:26 Scout Tower
04:27 Scout Tower
04:53 Scout Tower
04:54 Guard Tower
04:54 Guard Tower
04:56 Scout Tower
04:56 Guard Tower
04:56 Guard Tower
04:57 Guard Tower
04:58 Keep
04:58 Keep
04:58 Keep
05:01 Scout Tower
05:02 Scout Tower
05:03 Scout Tower
05:22 Guard Tower
05:23 Guard Tower
05:25 Scout Tower
05:25 Scout Tower
05:34 Arcane Tower
05:55 Guard Tower
05:56 Guard Tower
05:57 Scout Tower
06:00 Scout Tower
06:26 Guard Tower
06:26 Scout Tower
06:27 Guard Tower
06:29 Scout Tower
06:35 Guard Tower
06:39 Scout Tower
06:40 Scout Tower
06:42 Scout Tower
06:43 Scout Tower
06:44 Farm
06:53 Scout Tower
06:54 Scout Tower
06:54 Scout Tower
06:55 Scout Tower
06:55 Scout Tower
07:15 Guard Tower
07:18 Arcane Tower
07:19 Guard Tower
07:31 Guard Tower
07:34 Guard Tower
07:36 Scout Tower
08:45 Guard Tower
08:47 Scout Tower
08:49 Scout Tower
08:51 Scout Tower
09:01 Guard Tower
09:26 Arcane Sanctum
09:42 Guard Tower
09:42 Guard Tower
10:26 Scout Tower
10:27 Scout Tower
10:33 Castle
10:40 Scout Tower
10:43 Scout Tower
10:51 Farm
11:39 Guard Tower
12:19 Guard Tower
12:28 Town Hall
12:43 Scout Tower
12:44 Scout Tower
12:45 Scout Tower
12:46 Scout Tower
12:46 Scout Tower
12:47 Scout Tower
12:47 Scout Tower
13:18 Arcane Tower
13:18 Guard Tower
13:27 Blacksmith
13:44 Guard Tower
13:48 Guard Tower
14:22 Guard Tower
14:23 Scout Tower
14:24 Scout Tower
14:45 Guard Tower
15:44 Guard Tower
16:07 Workshop
16:47 Scout Tower
16:48 Scout Tower
16:48 Scout Tower
17:25 Guard Tower
17:36 Guard Tower
18:27 Scout Tower
18:27 Scout Tower
18:28 Scout Tower
18:28 Scout Tower
18:29 Scout Tower
18:32 Arcane Vault
18:34 Scout Tower
18:55 Guard Tower
19:03 Scout Tower
19:03 Scout Tower
19:04 Scout Tower
20:25 Farm
20:27 Guard Tower
20:29 Scout Tower
20:30 Scout Tower
20:30 Scout Tower
20:34 Scout Tower
20:35 Scout Tower
20:35 Scout Tower
21:19 Guard Tower
22:18 Guard Tower
23:11 Guard Tower
25:29 Guard Tower
30:40 Scout Tower
31:09 Scout Tower
31:11 Scout Tower
31:22 Cannon Tower
31:28 Scout Tower
31:30 Scout Tower
32:39 Arcane Tower
33:28 Cannon Tower
36:47 Farm
43:52 Farm
43:52 Farm
43:53 Farm
43:53 Farm
43:54 Farm
43:55 Farm
49:13 Farm
49:14 Farm
» items
| Healing Salve | 4 | |
| Lesser Clarity Potion | 2 | |
| Scroll of Town Portal | 5 | |
| Potion of Lesser Invulnerability | 1 | |
| Boots of Speed | 2 | |
| Staff of Teleportation | 2 | |
| Staff of Sanctuary | 2 | |
18 total
TentAndCampfire (
blue | 96 APM | 5387 actions | 56:17)
8 Mountain King
3 Storm Bolt
3 Bash
1 Avatar
1 Thunder Clap
6 Paladin
3 Holy Light
3 Divine Shield
» actions
| Assign group hotkey | 160 | |
| Basic commands | 30 | |
| Build / train | 107 | |
| Enter build submenu | 63 | |
| Enter hero's abilities submenu | 15 | |
| Give item / drop item | 6 | |
| Right click | 3000 | |
| Select / deselect | 849 | |
| Select group hotkey | 791 | |
| Use ability | 365 | |
5387 total
» units
» upgrades
| Masonry | 3 | |
| Lumber Harvesting | 2 | |
| Magic Sentry | 1 | |
| Cloud | 1 | |
| Animal War Training | 1 | |
| Swords | 2 | |
| Armor | 2 | |
| Storm Hammers | 1 | |
13 total
» buildings
| Altar of Kings | 1 | |
| Farm | 8 | |
| Scout Tower | 51 | |
| Lumber Mill | 1 | |
| Arcane Tower | 1 | |
| Guard Tower | 22 | |
| Keep | 1 | |
| Arcane Vault | 2 | |
| Castle | 1 | |
| Arcane Sanctum | 1 | |
| Barracks | 1 | |
| Gryphon Aviary | 2 | |
| Blacksmith | 1 | |
| Workshop | 1 | |
| Cannon Tower | 2 | |
96 total
» build order
00:25 Altar of Kings
00:33 Farm
01:02 Scout Tower
01:04 Scout Tower
01:11 Lumber Mill
01:38 Arcane Tower
01:57 Farm
02:08 Scout Tower
02:15 Scout Tower
02:34 Guard Tower
02:40 Scout Tower
02:48 Scout Tower
02:55 Guard Tower
03:01 Guard Tower
03:01 Guard Tower
03:02 Guard Tower
04:24 Guard Tower
04:26 Keep
04:28 Scout Tower
04:29 Scout Tower
05:05 Scout Tower
05:05 Scout Tower
05:07 Guard Tower
05:25 Arcane Vault
05:35 Scout Tower
05:37 Scout Tower
05:39 Scout Tower
05:40 Scout Tower
05:41 Scout Tower
05:42 Scout Tower
05:44 Guard Tower
06:44 Scout Tower
06:44 Scout Tower
06:45 Scout Tower
06:48 Scout Tower
06:48 Scout Tower
06:49 Guard Tower
06:52 Castle
07:16 Arcane Sanctum
07:35 Barracks
07:43 Guard Tower
07:49 Scout Tower
08:49 Scout Tower
08:49 Scout Tower
08:49 Scout Tower
08:57 Scout Tower
08:58 Scout Tower
09:11 Scout Tower
09:12 Scout Tower
09:13 Scout Tower
09:21 Scout Tower
09:22 Scout Tower
09:26 Guard Tower
09:53 Guard Tower
09:54 Guard Tower
10:08 Guard Tower
10:19 Guard Tower
10:57 Guard Tower
11:41 Guard Tower
12:11 Gryphon Aviary
12:34 Blacksmith
13:32 Gryphon Aviary
13:47 Scout Tower
13:49 Scout Tower
13:50 Scout Tower
13:51 Scout Tower
16:27 Scout Tower
16:28 Scout Tower
16:30 Scout Tower
16:30 Scout Tower
16:32 Scout Tower
16:32 Scout Tower
16:34 Guard Tower
17:26 Farm
17:27 Farm
17:28 Farm
17:29 Farm
17:30 Farm
17:30 Farm
19:23 Guard Tower
19:38 Guard Tower
21:23 Scout Tower
21:23 Scout Tower
21:25 Scout Tower
21:26 Scout Tower
22:39 Guard Tower
31:26 Scout Tower
31:48 Scout Tower
31:49 Scout Tower
31:50 Scout Tower
31:51 Scout Tower
32:10 Workshop
32:37 Cannon Tower
32:37 Cannon Tower
36:05 Arcane Vault
» items
| Healing Salve | 1 | |
| Lesser Clarity Potion | 3 | |
| Scroll of Speed | 1 | |
| Boots of Speed | 1 | |
| Orb of Lightning | 2 | |
| Staff of Teleportation | 2 | |
| Scroll of Regeneration | 1 | |
| Staff of Sanctuary | 2 | |
| Scroll of Town Portal | 1 | |
| Periapt of Vitality | 2 | |
16 total
TIMG4STRok (
orange | 92 APM | 5152 actions | 56:17)
9 Blademaster
3 Wind Walk
3 Critical Strike
1 Bladestorm
2 Mirror Image
» actions
| Assign group hotkey | 41 | |
| Basic commands | 55 | |
| Build / train | 145 | |
| ESC pressed | 17 | |
| Enter build submenu | 33 | |
| Enter hero's abilities submenu | 9 | |
| Give item / drop item | 3 | |
| Right click | 3438 | |
| Select / deselect | 328 | |
| Select group hotkey | 708 | |
| Use ability | 375 | |
5152 total
» units
» upgrades
| Spiked Barricades | 1 | |
| Ranged Weapons | 3 | |
| Reinforced Defenses | 1 | |
| War Drums Damage Increase | 2 | |
| Armor | 3 | |
| Ensnare | 1 | |
| Liquid Fire | 1 | |
12 total
» buildings
| War Mill | 1 | |
| Altar of Storms | 1 | |
| Orc Burrow | 4 | |
| Watch Tower | 15 | |
| Voodoo Lounge | 3 | |
| Stronghold | 1 | |
| Great Hall | 1 | |
| Beastiary | 3 | |
| Fortress | 1 | |
30 total
» build order
00:17 War Mill
00:31 Altar of Storms
00:37 Orc Burrow
01:43 Watch Tower
02:04 Voodoo Lounge
02:27 Orc Burrow
02:52 Watch Tower
03:11 Watch Tower
04:03 Voodoo Lounge
04:21 Watch Tower
04:55 Voodoo Lounge
05:26 Stronghold
05:40 Watch Tower
05:42 Watch Tower
05:43 Watch Tower
06:26 Great Hall
06:53 Watch Tower
06:53 Watch Tower
07:33 Orc Burrow
07:36 Orc Burrow
08:30 Beastiary
08:32 Beastiary
09:12 Watch Tower
09:16 Watch Tower
09:17 Watch Tower
09:45 Watch Tower
09:45 Watch Tower
10:13 Fortress
10:18 Beastiary
10:29 Watch Tower
» items
| Boots of Speed | 1 | |
| Staff of Teleportation | 1 | |
| Healing Salve | 6 | |
| Lesser Clarity Potion | 18 | |
| Orb of Lightning | 1 | |
| Scroll of Town Portal | 1 | |
| Potion of Mana | 4 | |
| Scroll of Speed | 3 | |
| Potion of Healing | 3 | |
38 total
Chat log
(00:02 / All) TentAndCampfire: TrotskyGG
(04:18 / All) DOGSANDHORSE.RU: LOL
(16:00 / All) DOGSANDHORSE.RU: leave
(16:17 / All) IDarkArcheRI: Fuck you
(25:41 / All) DOGSANDHORSE.RU: red
(25:44 / All) DOGSANDHORSE.RU: you are worst player
(25:45 / All) DOGSANDHORSE.RU: in europe
(31:32 / All) DOGSANDHORSE.RU: IDIOT
(35:41 / All) DOGSANDHORSE.RU: IDIOT
(35:43 / All) DOGSANDHORSE.RU: LEAVE
(45:05 / All) IDarkArcheRI: тщщи
(45:11 / All) IDarkArcheRI: тщщи
(45:14 / All) TIMG4STRok:
(45:16 / All) DOGSANDHORSE.RU: ENGLISH ONLY
(45:18 / All) DOGSANDHORSE.RU: EUROTRASH
(45:19 / All) IDarkArcheRI: noob)
(45:23 / All) TIMG4STRok: LOL
(45:29 / All) TentAndCampfire: rofl u are loseing and u call us noob ? ironie?
(45:42 / All) DOGSANDHORSE.RU: NICE LEVEL 1 BOLT YELLOW
(45:45 / All) DOGSANDHORSE.RU: SHITBIRD
(45:45 / All) TIMG4STRok: u are WIORST WARCRAFT OPKAYER
(47:07 / All) DOGSANDHORSE.RU: lol
(47:08 / All) DOGSANDHORSE.RU: he die
(49:18 / All) TentAndCampfire: so have u given up yet ?
(49:23 / All) DOGSANDHORSE.RU: it seems...yes
(49:24 / All) DOGSANDHORSE.RU: leave
(49:26 / All) TentAndCampfire: resistance is futile!! 10101
(49:27 / All) DOGSANDHORSE.RU: leave rutards
(49:29 / All) DOGSANDHORSE.RU: putintrash
(49:30 / All) TentAndCampfire: -iceborg slim, a robot
(49:31 / All) TIMG4STRok: ru NOOB ARE YOU NOOB R U NOOB RU NOOB RUSSIA NOOB
(49:55 / All) IDarkArcheRI: fuck you tower noob
(50:01 / All) TIMG4STRok: 1V1??
(50:14 / All) IDarkArcheRI: kk
(52:05 / All) DOGSANDHORSE.RU: leave
(53:07 / All) DOGSANDHORSE.RU: STOP DRAGGIN YA FEET
(53:30 / All) DOGSANDHORSE.RU: LEAVE
(54:20 / All) DOGSANDHORSE.RU: LEAVE
(55:21 / All) TIMG4STRok: begone
(55:32 / All) DOGSANDHORSE.RU: RUTARDS
(55:33 / All) DOGSANDHORSE.RU: LEAVE